 Dungeon Crawl Stone Soup version 0.22.1-2-g9c5b331 (webtiles) character file.

609 Yuikono the Poker (level 7, -4/56 HPs)
             Began as a Merfolk Gladiator on Dec 5, 2018.
             Slain by an ice beast (14 damage)
             ... on level 5 of the Dungeon.
             The game lasted 00:12:03 (4838 turns).

Yuikono the Poker (Merfolk Gladiator)               Turns: 4838, Time: 00:12:04

Health: -4/56      AC:  5    Str: 15    XL:     7   Next: 43%
Magic:  7/7        EV: 16    Int:  8    God:
Gold:   279        SH:  2    Dex: 16    Spells: 6/6 levels left

rFire    . . .     SeeInvis +   a - +0 trident
rCold    . . .     Gourm    .   (no shield)
rNeg     . . .     Faith    .   b - +1 leather armour
rPois    +         Spirit   .   c - +0 helmet
rElec    .         Reflect  +   (no cloak)
rCorr    .         Harm     .   (no gloves)
MR       .....                  (no boots)
Stlth    +.........             j - +2 amulet of reflection
HPRegen  0.18/turn              (no ring)
MPRegen  0.10/turn              (no ring)

@: no status effects
A: change form in water, swift swim, stealthy swim, see invisible, poison
resistance, subdued magic 1
a: no special abilities


You were on level 5 of the Dungeon.
You were not hungry.

You visited 1 branch of the dungeon, and saw 5 of its levels.

You collected 279 gold pieces.

Inventory:

Hand Weapons
 a - a +0 trident (weapon)
 i - the +1 dagger "Inkeny" {flame, Str+7, unknown}
   (You found it on level 5 of the Dungeon)

   It has been specially enchanted to burn those struck by it, causing extra
   injury to most foes and up to half again as much damage against particularly
   susceptible opponents.
   It affects your strength (+7).
Missiles
 d - 3 throwing nets
 g - 94 stones
 u - 6 tomahawks (quivered)
Armour
 b - a +1 leather armour (worn)
 c - a +0 helmet (worn)
Magical Staves
 m - an uncursed staff of earth {unknown}
Jewellery
 j - a +2 amulet of reflection (around neck)
 n - an uncursed ring of wizardry {unknown}
Wands
 s - a wand of random effects (18)
 t - a wand of enslavement (16)
Scrolls
 e - 4 scrolls of teleportation
 h - a scroll of remove curse
 p - a scroll of enchant weapon
 r - a scroll of noise
 v - a scroll of fear
Potions
 k - a potion of invisibility {unknown}
 l - a potion of might {unknown}
 o - 3 potions of curing
 q - a potion of haste {unknown}
 w - a potion of flight {unknown}
 x - 2 potions of cancellation
 z - 2 potions of lignification {unknown}
Comestibles
 f - 4 rations


   Skills:
 + Level 5.3 Fighting
 + Level 7.8 Polearms
 - Level 2.0 Throwing
 + Level 7.1 Dodging


You had 6 spell levels left.
You didn't know any spells.
Your spell library was empty.

Dungeon Overview and Level Annotations

Branches:
Dungeon (5/15)
 Temple: D:4-7

Altars:
Fedhas
Hepliaklqana
Ru


Innate Abilities, Weirdness & Mutations

You revert to your normal form in water.
You are very nimble and swift while swimming.
You are very stealthy in the water. (Stealth+)
You have supernaturally acute eyesight. (SInv)
Your system is resistant to poisons. (rPois)
Your spells are a little easier to cast, but a little less powerful.


Message History

The ball python grabs you. The ball python constricts you.
You hit the ball python.
The ball python is moderately wounded.
You hear the slow rusting of a distant drain.
The ball python misses you. The ball python constricts you.
You hit the ball python.
You kill the ball python!
You hit the ice beast but do no damage.
The ice beast is heavily wounded.
The ice beast hits you. The ice beast freezes you!
* * * LOW HITPOINT WARNING * * *
You barely miss the ice beast.
The ice beast is heavily wounded.
The ice beast misses you.
You puncture the ice beast!
The ice beast is almost dead.
The ice beast hits you.
* * * LOW HITPOINT WARNING * * *
The ice beast freezes you!
You die...

#...........#
#...........##
#########............#####
#......##................#
#......##...........####...
#......##...#....#.##
#......##...####...#
#......................
#......###@######...###
#......# #Y# #.#.# #......#
#.# #..... #......# #.#
...... ####.### #.# .. ..
#..####)# ##...##.#
#.#....# #..###....#


You could see an ice beast.

Vanquished Creatures
  Blork the orc (D:4)
  2 water moccasin zombies (D:5)
  A jelly (D:5)
  A hound (D:4)
  6 orc wizards
  A hound skeleton (D:5)
  4 gnolls (D:3)
  3 adders (D:4)
  An ooze (D:3)
  An adder skeleton (D:4)
  2 worms
  A dart slug (D:3)
  2 leopard geckos (D:2)
  25 orcs
  2 ball pythons
  11 bats
  5 giant cockroaches
  7 hobgoblins
  3 jackals (D:3)
  6 kobolds
  4 quokkas
  5 frilled lizards
  7 goblins
  A jackal skeleton (D:4)
  A leopard gecko zombie (D:5)
  2 quokka skeletons (D:4)
  A rat (D:1)
106 creatures vanquished.

Notes
Turn   | Place    | Note
-------+----------+-------------------------------------------
     0 | D:1      | Yuikono the Merfolk Gladiator began the quest for the Orb.
     0 | D:1      | Reached XP level 1. HP: 16/16 MP: 1/1
   467 | D:1      | Reached XP level 2. HP: 22/23 MP: 2/2
  1173 | D:2      | Reached XP level 3. HP: 27/28 MP: 3/3
  1177 | D:2      | Reached skill level 5 in Polearms
  1214 | D:2      | Reached XP level 4. HP: 35/35 MP: 4/4
  1463 | D:2      | Reached skill level 5 in Dodging
  1540 | D:2      | Found a hazy altar of Hepliaklqana.
  1999 | D:3      | Reached XP level 5. HP: 29/41 MP: 5/5
  2898 | D:3      | Found a sacrificial altar of Ru.
  2970 | D:3      | Gained mutation: You have supernaturally acute eyesight.
                  | (SInv) [potion of mutation]
  2970 | D:3      | Gained mutation: Your spells are a little easier to cast,
                  | but a little less powerful. [potion of mutation]
  2970 | D:3      | Gained mutation: Your system is resistant to poisons.
                  | (rPois) [potion of mutation]
  3005 | D:3      | HP: 2/42 [poisoned by an orc wizard]
  3491 | D:3      | Reached XP level 6. HP: 44/48 MP: 6/6
  3566 | D:3      | Found a blossoming altar of Fedhas.
  3814 | D:4      | Noticed Blork the orc
  3824 | D:4      | Killed Blork the orc
  4434 | D:4      | Reached XP level 7. HP: 52/55 MP: 7/7
  4680 | D:5      | Entered Level 5 of the Dungeon
  4691 | D:5      | Reached skill level 5 in Fighting
  4752 | D:5      | Got a dazzling dagger
  4838 | D:5      | Slain by an ice beast

Skill      XL: |  1  2  3  4  5  6  7 |
---------------+----------------------+-----
Polearms       | 5 6 7 |  7.8
Fighting       | 3 4 5 |  5.3
Dodging        | 5 6 7 |  7.1
Throwing       | |  2.0

Action                   |  1- 3 |  4- 6 |  7- 9 || total
-------------------------+-------+-------+-------++-------
Melee: Trident           |    80 |   343 |    57 ||   480
Throw: Stone             |     3 |       |       ||     3
       Throwing net      |     2 |       |       ||     2
       Tomahawk          |       |       |     3 ||     3
  Use: Potion            |       |     2 |     1 ||     3
       Scroll            |       |     1 |     6 ||     7
 Stab: Sleeping          |       |     3 |     1 ||     4
  Eat: Chunk             |       |     4 |     2 ||     6
       Ration            |       |     2 |       ||     2
Armor: Leather armour    |    15 |    53 |    15 ||    83
Dodge: Dodged            |    41 |   212 |    48 ||   301
Block: Other             |     2 |    14 |     1 ||    17
